[Event "Titled Tuesday Blitz June 20 Late 2023"]
[White "Goltsev, Dmitry"]
[Black "Araujo Sanchez, Josue"]
[WhiteFideId "24176710"]
[BlackFideId "6416896"]
[WhiteElo "2356"]
[BlackElo "2417"]
[Result "0-1"]
[Round "3"]
[TimeControl "180+2"]
[Date "2023.06.20"]
[WhiteClock "0:00:16"]
[BlackClock "0:00:49"]
[Board "71"]

1. e4 c6 2. d4 d5 3. Nc3 dxe4 4. Nxe4 Bf5 5. Ng3 Bg6 6. Nh3 e6 7. Nf4 Bd6 8. c3 Ne7 9. h4 Bxf4 10. Bxf4 h6 11. h5 Bh7 12. Be5 f6 13. Bf4 Nd5 14. Bd2 O-O 15. Be2 Nd7 16. Bg4 f5 17. Bf3 e5 18. dxe5 Nxe5 19. O-O f4 20. Ne4 Qh4 21. Re1 Rf5 22. Nd6 Nxf3+ 23. Qxf3 Rxh5 24. g3 Qh2+ 25. Kf1 fxg3 26. Qf7+ Kh8 27. Re8+ Rxe8 28. Qxe8+ Bg8 29. Be1 g2+ 30. Ke2 Qxd6 31. Qxh5 Nf4+ 0-1


[Site "https://www.chess.com"]

[Event "Titled Tuesday Blitz June 20 Late 2023"]
[White "Gomez Barrera, Javiera Belen"]
[Black "Santos Ruiz, Miguel"]
[WhiteFideId "3418723"]
[BlackFideId "22291482"]
[WhiteElo "2119"]
[BlackElo "2499"]
[Result "0-1"]
[Round "3"]
[TimeControl "180+2"]
[Date "2023.06.20"]
[WhiteClock "0:00:00"]
[BlackClock "0:00:41"]
[Board "72"]

1. e4 c5 2. Nf3 d6 3. d4 cxd4 4. Nxd4 Nf6 5. Nc3 a6 6. Be3 Qc7 7. f3 h5 8. Qd2 e6 9. O-O-O Nbd7 10. a3 Rb8 11. Kb1 b5 12. Be2 Be7 13. Rhg1 Ne5 14. b3 Bd7 15. Na2 d5 16. exd5 Nxd5 17. f4 Nc4 18. Bxc4 bxc4 19. b4 c3 20. Qe2 a5 21. Nb3 axb4 22. Rxd5 exd5 23. Bc5 Bg4 24. Qe3 d4 25. Bxd4 O-O 26. Be5 Bd6 27. h3 Be6 28. Nxb4 Bxe5 29. Qxe5 Qa7 30. Qxc3 Qxg1+ 0-1


[Site "https://www.chess.com"]

[Event "Titled Tuesday Blitz June 20 Late 2023"]
[White "Tsaruk, Maksim"]
[Black "Ansh M Shah"]
[WhiteFideId "13511173"]
[BlackFideId "25033379"]
[WhiteElo "2363"]
[BlackElo "2084"]
[Result "1-0"]
[Round "3"]
[TimeControl "180+2"]
[Date "2023.06.20"]
[WhiteClock "0:01:08"]
[BlackClock "0:01:21"]
[Board "73"]

1. d4 c6 2. Nf3 d5 3. g3 Nf6 4. Bg2 g6 5. O-O Bg7 6. c4 O-O 7. Nc3 Bf5 8. Qb3 Qb6 9. c5 Qxb3 10. axb3 Na6 11. Ra4 Nc7 12. Bf4 Rfc8 13. b4 Ne6 14. Rfa1 Ne4 15. Rxa7 Rxa7 16. Rxa7 Nxd4 17. Nxd4 Bxd4 18. Nxe4 Bxe4 19. Bxe4 dxe4 20. Rxb7 e6 21. b3 Kg7 22. e3 Bc3 23. Bd6 Ra8 24. b5 cxb5 25. c6 Ra1+ 26. Kg2 Rc1 27. c7 Ba5 28. b4 Bxc7 29. Rxc7 Rxc7 30. Bxc7 Kf6 31. f3 exf3+ 32. Kxf3 Ke7 33. Ke4 f6 34. Kd4 Kd7 35. Bb8 Kc6 36. g4 h6 37. h4 h5 38. gxh5 gxh5 39. e4 Kb7 40. Bd6 Kc6 41. Be7 e5+ 42. Kd3 Kd7 43. Bxf6 Ke6 44. Bxe5 Kxe5 45. Ke3 Ke6 46. Kd4 Kd6 47. e5+ Ke6 48. Ke4 Ke7 49. Kd5 Kd7 50. Kc5 Ke6 51. Kxb5 Kxe5 52. Kc6 Kf4 53. b5 Kg4 54. b6 Kxh4 55. b7 Kh3 56. b8=Q h4 57. Qg8 Kh2 58. Qg4 h3 59. Qf3 Kg1 60. Qxh3 Kf2 61. Kd5 Kg1 62. Kd4 Kf2 63. Ke4 Kg1 64. Qb3 Kf2 65. Qd3 Kg1 66. Qe2 Kh1 67. Kf3 Kg1 68. Qg2# 1-0


[Site "https://www.chess.com"]

[Event "Titled Tuesday Blitz June 20 Late 2023"]
[White "Reprintsev, Alexander"]
[Black "Tristan, Leonardo"]
[WhiteFideId "14100541"]
[BlackFideId "113816"]
[WhiteElo "2229"]
[BlackElo "2461"]
[Result "0-1"]
[Round "3"]
[TimeControl "180+2"]
[Date "2023.06.20"]
[WhiteClock "0:00:00"]
[BlackClock "0:00:39"]
[Board "74"]

1. e4 d5 2. exd5 Qxd5 3. Nc3 Qa5 4. b4 Qxb4 5. Rb1 Qd6 6. d4 Nf6 7. Nf3 e6 8. Nb5 Qd8 9. Bf4 Bd6 10. Nxd6+ cxd6 11. Bd3 O-O 12. c4 b6 13. Qc2 Bb7 14. Bg5 h6 15. Bh4 Nbd7 16. O-O Rc8 17. Rfc1 Bxf3 18. gxf3 d5 19. Qe2 dxc4 20. Bxc4 Qc7 21. Kg2 Nh5 22. Bg3 Nf4+ 23. Bxf4 Qxf4 24. a4 Nf6 25. Qe3 Nh5 26. a5 bxa5 27. Ba2 Qh4 28. Kh1 Rxc1+ 29. Rxc1 Nf4 30. Rg1 Qf6 31. Rg4 g5 32. h4 Kg7 33. hxg5 hxg5 34. Qe5 Rh8+ 35. Kg1 Qxe5 36. dxe5 Kh6 37. Kh2 Rb8 38. Rg1 Rb2 39. Bc4 Rxf2+ 40. Kg3 Rc2 41. Bd3 Nxd3 0-1


[Site "https://www.chess.com"]

[Event "Titled Tuesday Blitz June 20 Late 2023"]
[White "Fernandez Guillen, Ernesto J."]
[Black "Vovk, Orest"]
[WhiteFideId "3512428"]
[BlackFideId "14113490"]
[WhiteElo "2434"]
[BlackElo "2215"]
[Result "1/2-1/2"]
[Round "3"]
[TimeControl "180+2"]
[Date "2023.06.20"]
[WhiteClock "0:00:03"]
[BlackClock "0:00:10"]
[Board "75"]

1. e4 g5 2. d4 g4 3. Qxg4 d5 4. Qd1 dxe4 5. Nc3 Nf6 6. Bg5 Nbd7 7. Bc4 Rg8 8. Bh4 Bh6 9. Nge2 Rg4 10. Bg3 c6 11. O-O Qa5 12. f3 Be3+ 13. Kh1 exf3 14. Rxf3 Bh6 15. Qd3 Nf8 16. Raf1 Bd7 17. Rxf6 exf6 18. Ne4 Rxe4 19. Qxe4+ Be6 20. Rxf6 Qg5 21. Bh4 Qe3 22. Qxe3 Bxe3 23. Bxe6 Nxe6 24. c3 Kf8 25. h3 Kg7 26. Rf3 Bg5 27. Rg3 h6 28. Bxg5 hxg5 29. Rf3 Re8 30. Kg1 Kg6 31. g4 Nc5 32. Ng3 Na4 33. Rf2 Re1+ 34. Kg2 Rb1 35. Ne4 Rxb2 36. Rxb2 Nxb2 37. Nd6 b5 38. Nc8 Na4 39. Nxa7 Nxc3 40. a3 Nb1 41. Nxc6 Nxa3 42. Kf3 Nc4 43. Ke4 Nd2+ 44. Kd5 f5 45. gxf5+ Kxf5 46. Kc5 Nb3+ 47. Kb4 Nxd4 48. Nxd4+ Kf4 49. Ne6+ Kf5 50. Nc5 g4 51. hxg4+ Kxg4 52. Kxb5 1/2-1/2


[Site "https://www.chess.com"]

[Event "Titled Tuesday Blitz June 20 Late 2023"]
[White "Velikanov, Alexander"]
[Black "Rios Escobar, Adan"]
[WhiteFideId "2039290"]
[BlackFideId "3403645"]
[WhiteElo "2259"]
[BlackElo "2473"]
[Result "1-0"]
[Round "3"]
[TimeControl "180+2"]
[Date "2023.06.20"]
[WhiteClock "0:00:14"]
[BlackClock "0:00:00"]
[Board "76"]

1. e4 c5 2. a3 d5 3. exd5 Nf6 4. Bb5+ Nbd7 5. Nf3 Nxd5 6. O-O e6 7. d4 a6 8. Be2 Be7 9. c4 N5f6 10. dxc5 Nxc5 11. Qc2 O-O 12. b4 Nce4 13. Bd3 Nd6 14. Bb2 Qc7 15. Nbd2 h6 16. Be5 Nd7 17. Bf4 Qd8 18. Rad1 Qe8 19. c5 Nb5 20. a4 e5 21. axb5 exf4 22. Rfe1 axb5 23. Bxb5 Qd8 24. Nc4 Bf6 25. Nb6 Re8 26. Rxe8+ Qxe8 27. Nxa8 Qe6 28. Nc7 Qe7 29. Nd5 Qe6 30. Nxf6+ Nxf6 31. Rd8+ 1-0


[Site "https://www.chess.com"]

[Event "Titled Tuesday Blitz June 20 Late 2023"]
[White "Mattheii"]
[Black "Timmermans, Mark"]
[BlackFideId "1026399"]
[WhiteElo "2473"]
[BlackElo "2460"]
[Result "0-1"]
[Round "3"]
[TimeControl "180+2"]
[Date "2023.06.20"]
[WhiteClock "0:00:02"]
[BlackClock "0:00:30"]
[Board "77"]

1. d4 Nf6 2. c4 e6 3. Nc3 Bb4 4. Nf3 Ne4 5. Qc2 f5 6. g3 b6 7. Bg2 Bb7 8. O-O Bxc3 9. bxc3 O-O 10. Ng5 Nd6 11. Bxb7 Nxb7 12. e4 h6 13. Nh3 fxe4 14. Qxe4 Nc6 15. Bf4 Rc8 16. Rae1 Qf6 17. f3 Qf5 18. Nf2 Qxe4 19. fxe4 Nca5 20. c5 bxc5 21. Ng4 d6 22. Rb1 h5 23. Ne3 cxd4 24. cxd4 c5 25. d5 e5 26. Bg5 Rxf1+ 27. Kxf1 c4 28. Ke2 Kf7 29. Kd2 Nc5 30. Kc2 Nxe4 31. Nf5 g6 32. Nh6+ Kg7 33. Be3 Nf6 34. Rb5 Nb3 35. axb3 cxb3+ 36. Kxb3 Rc7 37. Rb8 a5 38. Bd2 Nxd5 39. Rb5 Nf6 40. h3 Ne4 41. Bxa5 Rd7 42. g4 Kxh6 43. gxh5 Kxh5 44. Kc2 Kh4 45. Kd3 d5 46. Rb8 Kxh3 47. Rg8 g5 48. Be1 Kg4 49. Ke2 d4 50. Kd3 Nc5+ 51. Kc4 Ne6 52. Re8 Kf5 53. Bd2 g4 54. Rg8 e4 0-1


[Site "https://www.chess.com"]

[Event "Titled Tuesday Blitz June 20 Late 2023"]
[White "Urbina Perez, Juan Antonio"]
[Black "Fiorito, Joaquin"]
[WhiteFideId "2217368"]
[BlackFideId "180173"]
[WhiteElo "2197"]
[BlackElo "2199"]
[Result "1-0"]
[Round "3"]
[TimeControl "180+2"]
[Date "2023.06.20"]
[WhiteClock "0:00:19"]
[BlackClock "0:00:09"]
[Board "78"]

1. d4 Nf6 2. Nf3 d5 3. c4 e6 4. g3 Bb4+ 5. Bd2 a5 6. Bg2 O-O 7. a3 Bxd2+ 8. Nbxd2 b6 9. O-O Bb7 10. Ne5 Nbd7 11. cxd5 Nxe5 12. dxe5 Nxd5 13. Qc2 Rb8 14. Rfd1 Qg5 15. f4 Nxf4 16. Bxb7 Rxb7 17. Nf3 Qg4 18. Rd4 g5 19. Kh1 c5 20. Re4 Qh3 21. gxf4 g4 22. Rg1 h5 23. Ng5 Qh4 24. Re3 f5 25. exf6 Rxf6 26. Rxe6 Rxe6 27. Nxe6 Qf6 28. Qe4 Rf7 29. Rf1 Re7 30. Qa8+ Kh7 31. Ng5+ Kg7 32. e4 h4 33. Qd5 g3 34. hxg3 hxg3 35. Kg2 Qxb2+ 36. Kxg3 Qc3+ 37. Rf3 Qe1+ 38. Kg4 Qa1 39. Rh3 Qg1+ 40. Kf5 Qd4 41. Rh7+ Kf8 42. Qa8+ Re8 43. Rf7+ Kg8 44. Qxe8# 1-0


[Site "https://www.chess.com"]

[Event "Titled Tuesday Blitz June 20 Late 2023"]
[White "Haydon, David L"]
[Black "Gabdushev, Ruslan"]
[WhiteFideId "415405"]
[BlackFideId "4137833"]
[WhiteElo "2326"]
[BlackElo "2233"]
[Result "1-0"]
[Round "3"]
[TimeControl "180+2"]
[Date "2023.06.20"]
[WhiteClock "0:01:23"]
[BlackClock "0:00:05"]
[Board "79"]

1. d4 Nc6 2. Nf3 d6 3. g3 Bg4 4. Bg2 e5 5. c3 Be7 6. O-O Nf6 7. Qb3 Qc8 8. dxe5 Bxf3 9. exf6 Bxg2 10. fxg7 Rg8 11. Kxg2 Rxg7 12. Nd2 h5 13. Nf3 h4 14. Qd5 hxg3 15. hxg3 Qg4 16. Be3 O-O-O 17. Rh1 Rdg8 18. Rh5 f6 19. Qf5+ Qxf5 20. Rxf5 Kd7 21. Rh1 a6 22. Rfh5 Nd8 23. Nd4 Ne6 24. Nf5 Rg6 25. Rh7 Re8 26. Rf7 Nd8 27. Rfh7 c5 28. Rd1 Ke6 29. Ng7+ Rxg7 30. Rxg7 Nf7 31. c4 Ne5 32. b3 b5 33. f4 Nc6 34. g4 bxc4 35. bxc4 Rb8 36. f5+ Ke5 37. Kf3 Nd4+ 38. Bxd4+ cxd4 39. Rxe7# 1-0


[Site "https://www.chess.com"]

[Event "Titled Tuesday Blitz June 20 Late 2023"]
[White "Adewumi, Tanitoluwa"]
[Black "Czerw, Dawid"]
[WhiteFideId "30966396"]
[BlackFideId "1145746"]
[WhiteElo "2678"]
[BlackElo "2144"]
[Result "0-1"]
[Round "3"]
[TimeControl "180+2"]
[Date "2023.06.20"]
[WhiteClock "0:00:00"]
[BlackClock "0:00:03"]
[Board "80"]

1. e4 c5 2. Nf3 Nc6 3. Bb5 e6 4. Bxc6 bxc6 5. b3 Ne7 6. Bb2 d6 7. d3 e5 8. O-O Ng6 9. Nbd2 Be7 10. c3 Bg4 11. h3 Be6 12. d4 cxd4 13. cxd4 f6 14. Rc1 Qd7 15. Qc2 Rc8 16. Rfd1 Bxh3 17. dxe5 fxe5 18. gxh3 Qxh3 19. Qc4 Rf8 20. Qf1 Qh5 21. Qa6 Qg4+ 22. Kf1 Nf4 23. Ke1 Qh3 24. Rxc6 Qh1+ 25. Nf1 Qxf3 26. Rxc8+ Kf7 27. Rxf8+ Kxf8 28. Qc8+ Kf7 29. Qc4+ Kf8 30. Ne3 Bh4 31. Qc8+ Kf7 32. Qf5+ Kg8 33. Qg4 Qxe3+ 0-1


[Site "https://www.chess.com"]

[Event "Titled Tuesday Blitz June 20 Late 2023"]
[White "ArchibaldCerveza29"]
[Black "Goryachkina, Aleksandra"]
[BlackFideId "4147103"]
[WhiteElo "2452"]
[BlackElo "2471"]
[Result "1/2-1/2"]
[Round "3"]
[TimeControl "180+2"]
[Date "2023.06.20"]
[WhiteClock "0:00:06"]
[BlackClock "0:00:16"]
[Board "81"]

1. e4 c6 2. d4 d5 3. exd5 cxd5 4. c4 Nf6 5. Nc3 Nc6 6. Nf3 a6 7. Bg5 Be6 8. c5 g6 9. Be2 Bg7 10. O-O O-O 11. Re1 Ne4 12. Bf4 Bg4 13. h3 Bxf3 14. Bxf3 f5 15. Ne2 Qd7 16. Qa4 Kh8 17. Rad1 h6 18. Bc1 g5 19. Bxe4 fxe4 20. Ng3 Qe8 21. Rf1 e6 22. Be3 Qg6 23. b4 h5 24. Qb3 h4 25. Ne2 g4 26. Nf4 Qf5 27. g3 gxh3 28. Kh2 hxg3+ 29. fxg3 Qg4 30. Nxh3 Rxf1 31. Rxf1 Nxd4 32. Bxd4 Bxd4 33. Rf4 Qe2+ 34. Kh1 Be5 35. Rh4+ Kg7 36. Ng5 Kf6 37. Nh7+ Ke7 38. c6 Rf8 39. Nxf8 Qf1+ 40. Kh2 Qe2+ 41. Kh1 Qf1+ 42. Kh2 Qe2+ 43. Kh1 1/2-1/2


[Site "https://www.chess.com"]

[Event "Titled Tuesday Blitz June 20 Late 2023"]
[White "Balla, Tamas-Kristof"]
[Black "Leon Oquendo, Jorge"]
[WhiteFideId "1208497"]
[BlackFideId "3514803"]
[WhiteElo "2334"]
[BlackElo "2276"]
[Result "0-1"]
[Round "3"]
[TimeControl "180+2"]
[Date "2023.06.20"]
[WhiteClock "0:00:15"]
[BlackClock "0:00:59"]
[Board "82"]

1. e4 c5 2. Nf3 Nc6 3. c3 Nf6 4. e5 Nd5 5. d4 cxd4 6. cxd4 d6 7. Bc4 Nb6 8. Bb5 d5 9. Nc3 Bg4 10. a3 e6 11. h3 Bxf3 12. Qxf3 Rc8 13. Be3 Be7 14. O-O O-O 15. Bd3 g6 16. Bh6 Re8 17. Ne2 Bg5 18. Bxg5 Qxg5 19. Rad1 Na4 20. b3 Nb2 21. Rb1 Qd2 22. Bb5 a6 23. Bxc6 Rxc6 24. Qg4 Rc2 25. Ng3 Kf8 26. Qh4 h6 27. Qf6 Qg5 28. Qf3 Rec8 29. a4 R8c3 30. Qf6 Qxf6 31. exf6 Rxb3 32. Rfc1 Rxc1+ 33. Rxc1 Nc4 34. h4 Ke8 35. h5 g5 36. Ne2 Kd7 37. f4 g4 38. Kf2 Rb2 39. Kf1 Ne3+ 40. Ke1 Nxg2+ 41. Kf2 Nxf4 0-1


[Site "https://www.chess.com"]

[Event "Titled Tuesday Blitz June 20 Late 2023"]
[White "Korchmar, Vasiliy"]
[Black "SergioMoralesG"]
[WhiteFideId "24131750"]
[WhiteElo "2370"]
[BlackElo "2450"]
[Result "1-0"]
[Round "3"]
[TimeControl "180+2"]
[Date "2023.06.20"]
[WhiteClock "0:01:45"]
[BlackClock "0:00:00"]
[Board "83"]

1. e4 e5 2. Nf3 Nf6 3. Nc3 Nc6 4. Bb5 Nd4 5. O-O Nxb5 6. Nxb5 Nxe4 7. Nxe5 d6 8. Nxf7 Kxf7 9. Qh5+ g6 10. Qd5+ Be6 11. Qxe4 c6 12. Nc3 d5 13. Qf3+ Qf6 14. Qxf6+ Kxf6 15. d4 Bf5 16. Bf4 Kf7 17. Rac1 Bg7 18. Be5 Bxe5 19. dxe5 d4 20. Ne2 c5 21. f4 Rhd8 22. Ng3 Ke6 23. Rfd1 Rd7 24. Kf2 Rad8 25. Kf3 b5 26. Ne4 Bxe4+ 27. Kxe4 a5 28. g4 Rf7 29. c3 Rdf8 30. Rf1 dxc3 31. Rxc3 c4 32. Rcf3 Kd7 33. f5 Kc6 34. e6 1-0


[Site "https://www.chess.com"]

[Event "Titled Tuesday Blitz June 20 Late 2023"]
[White "Spata, German"]
[Black "Seletsky, Grigory"]
[WhiteFideId "113026"]
[BlackFideId "14112191"]
[WhiteElo "2260"]
[BlackElo "2491"]
[Result "1-0"]
[Round "3"]
[TimeControl "180+2"]
[Date "2023.06.20"]
[WhiteClock "0:00:19"]
[BlackClock "0:00:00"]
[Board "84"]

1. Nf3 d5 2. e3 Nf6 3. d4 c5 4. c4 cxd4 5. Nxd4 Nc6 6. Nc3 e5 7. Nxc6 bxc6 8. cxd5 cxd5 9. Bb5+ Bd7 10. Bxd7+ Qxd7 11. O-O Bb4 12. Qb3 Bxc3 13. Qxc3 Qe6 14. b3 O-O 15. Bb2 Rfe8 16. Rac1 h5 17. Qc6 Qf5 18. Qc2 Qg5 19. Rfd1 h4 20. h3 Re6 21. Qe2 Rd8 22. Rc5 Qf5 23. Qd3 Qg5 24. Rdc1 e4 25. Qd2 Nh5 26. Qe2 Rg6 27. Qg4 Qxg4 28. hxg4 Rxg4 29. Rc8 Rxc8 30. Rxc8+ Kh7 31. Rc7 Kg6 32. Rxa7 Nf6 33. b4 Rg5 34. a4 Rf5 35. Bxf6 Kxf6 36. b5 Ke6 37. b6 Kd6 38. a5 1-0


[Site "https://www.chess.com"]

[Event "Titled Tuesday Blitz June 20 Late 2023"]
[White "Jiang, Andrew"]
[Black "DopplerCharlotteDeWitte"]
[WhiteFideId "30953510"]
[WhiteElo "1883"]
[BlackElo "2659"]
[Result "1/2-1/2"]
[Round "3"]
[TimeControl "180+2"]
[Date "2023.06.20"]
[WhiteClock "0:01:40"]
[BlackClock "0:00:42"]
[Board "85"]

1. e4 c5 2. c3 e6 3. d4 cxd4 4. cxd4 d5 5. e5 Nc6 6. Nf3 Nge7 7. Bd3 Nf5 8. Bxf5 exf5 9. Nc3 Be6 10. a3 Be7 11. h4 h6 12. Bf4 Qb6 13. b4 Rc8 14. Na4 Qb5 15. Nc3 Qc4 16. Ne2 a5 17. Rc1 Qb5 18. Nc3 Qb6 19. Na4 Qb5 20. Nc3 Qb6 21. Na4 Qd8 22. Nc5 axb4 23. axb4 O-O 24. b5 Qa5+ 25. Bd2 Qxb5 26. Rb1 Qc4 27. Rc1 Qa2 28. Ra1 Qc4 29. Rc1 Qa2 1/2-1/2


[Site "https://www.chess.com"]

[Event "Titled Tuesday Blitz June 20 Late 2023"]
[White "Nikologorsky, Matfei"]
[Black "Martic, Ivan"]
[WhiteFideId "24102474"]
[BlackFideId "929301"]
[WhiteElo "2153"]
[BlackElo "2346"]
[Result "0-1"]
[Round "3"]
[TimeControl "180+2"]
[Date "2023.06.20"]
[WhiteClock "0:00:09"]
[BlackClock "0:01:12"]
[Board "86"]

1. e4 c5 2. Nf3 e6 3. d4 cxd4 4. Nxd4 a6 5. c4 Nf6 6. Nc3 Qc7 7. Be2 b6 8. O-O Bb7 9. f3 d6 10. Be3 Be7 11. Rc1 O-O 12. Kh1 Nbd7 13. Qe1 Rac8 14. Qf2 Qb8 15. Rfd1 Rfe8 16. a3 Bd8 17. b4 Bc7 18. Qg1 h5 19. Nb3 h4 20. Na4 b5 21. cxb5 axb5 22. Bxb5 h3 23. Nc3 d5 24. exd5 Be5 25. dxe6 Rxe6 26. Bxd7 Nxd7 27. Rxd7 Rg6 28. Qf2 hxg2+ 29. Qxg2 Rxg2 30. Kxg2 Rxc3 31. Rxc3 Bxc3 32. Nc5 Bc6 33. Rd3 Be5 34. Nd7 Bxd7 35. Rxd7 Bxh2 36. Bf2 Bf4 37. Rd4 Qe5 38. Re4 Qg5+ 39. Kf1 f5 40. Re8+ Kh7 41. Re2 Qh5 42. Rc2 Qxf3 43. b5 Qd1+ 0-1


[Site "https://www.chess.com"]

[Event "Titled Tuesday Blitz June 20 Late 2023"]
[White "Tomiello, Lucas Costamilan"]
[Black "Itkis, Boris"]
[WhiteFideId "22701940"]
[BlackFideId "1209167"]
[WhiteElo "2116"]
[BlackElo "2219"]
[Result "1/2-1/2"]
[Round "3"]
[TimeControl "180+2"]
[Date "2023.06.20"]
[WhiteClock "0:00:11"]
[BlackClock "0:00:21"]
[Board "87"]

1. e4 e6 2. d4 d5 3. Nd2 c5 4. exd5 Qxd5 5. dxc5 Nf6 6. Ngf3 Qxc5 7. Bd3 Be7 8. O-O O-O 9. Qe2 Qc7 10. Ne4 Nbd7 11. Bg5 b6 12. Nxf6+ Nxf6 13. Rad1 Bb7 14. c4 Rac8 15. b3 Rfd8 16. Ne5 h6 17. Bh4 Ne8 18. Bxe7 Qxe7 19. f4 Nf6 20. Rfe1 Qc5+ 21. Qf2 Nd7 22. Nxd7 Rxd7 23. Bh7+ Kxh7 24. Rxd7 Qc6 25. Rxf7 Rd8 26. Qg3 Rg8 27. Rd1 Qc5+ 28. Qf2 Qh5 29. Rdd7 Bc6 30. Rxa7 Qd1+ 31. Qf1 Qd4+ 32. Kh1 Qe4 33. a4 Kh8 34. a5 Rd8 35. Rxg7 Rd2 36. h4 Re2 37. Kh2 Re1 38. Qf3 Rh1+ 39. Kxh1 Qe1+ 40. Kh2 Bxf3 41. gxf3 Qxh4+ 42. Kg2 Qxf4 43. Rgf7 Qd2+ 44. Kg3 Qd6+ 45. f4 Qd3+ 46. Kf2 Qd2+ 47. Kf3 Qd3+ 48. Kg4 Qe2+ 49. Kg3 Qe3+ 50. Kg2 Qe2+ 51. Kg1 Qe1+ 52. Kg2 Qe2+ 53. Kg3 Qe3+ 54. Kg4 Qe2+ 55. Kh4 Qh2+ 56. Kg4 Qg2+ 57. Kh4 Qh2+ 58. Kg4 Qg2+ 59. Kh4 Qh2+ 1/2-1/2


[Site "https://www.chess.com"]

[Event "Titled Tuesday Blitz June 20 Late 2023"]
[White "Kaplan, Avi Harrison"]
[Black "Ganiev, Roman"]
[WhiteFideId "30934559"]
[BlackFideId "4131452"]
[WhiteElo "1983"]
[BlackElo "2649"]
[Result "0-1"]
[Round "3"]
[TimeControl "180+2"]
[Date "2023.06.20"]
[WhiteClock "0:00:02"]
[BlackClock "0:00:18"]
[Board "88"]

1. b3 e5 2. Bb2 Nc6 3. d3 Nf6 4. Nd2 Bc5 5. g3 d6 6. Bg2 h5 7. h3 a5 8. a3 Be6 9. e3 Qd7 10. Ne2 Ba7 11. Kf1 d5 12. Kg1 O-O 13. Kh2 Rfe8 14. Rf1 Rad8 15. Rc1 h4 16. g4 Nh7 17. f4 f6 18. f5 Bf7 19. e4 Be3 20. Qe1 dxe4 21. Bxe4 Bd5 22. Nc3 Bxe4 23. Ncxe4 Bf4+ 24. Kg1 Nd4 25. Qf2 Ng5 26. Nxg5 Bxg5 27. Ne4 Bxc1 28. Rxc1 b6 29. Kg2 Qc6 30. Qxh4 Nxc2 31. Kg1 Rxd3 32. Nf2 Rd2 33. Bc3 Qxc3 34. g5 Qd4 35. gxf6 Qxf2+ 36. Qxf2 Rxf2 37. Kxf2 Nd4 38. Rxc7 gxf6 39. Rb7 Nxf5 40. Rxb6 Kf7 41. Ra6 e4 42. Rxa5 e3+ 43. Kf1 Nd4 44. Rd5 e2+ 45. Kg2 e1=Q 46. Rxd4 Re2+ 47. Kf3 Qf2+ 48. Kg4 Qxd4+ 49. Kh5 Re5+ 50. Kh6 Qh4# 0-1


[Site "https://www.chess.com"]

[Event "Titled Tuesday Blitz June 20 Late 2023"]
[White "Jonkman, Harmen"]
[Black "Ashraf, Artin"]
[WhiteFideId "1002708"]
[BlackFideId "22514805"]
[WhiteElo "2368"]
[BlackElo "2224"]
[Result "0-1"]
[Round "3"]
[TimeControl "180+2"]
[Date "2023.06.20"]
[WhiteClock "0:00:37"]
[BlackClock "0:00:13"]
[Board "89"]

1. d4 Nf6 2. Nf3 d5 3. Bf4 c5 4. e3 cxd4 5. exd4 Bg4 6. Nbd2 Nc6 7. Bb5 e6 8. h3 Bxf3 9. Qxf3 Rc8 10. c3 a6 11. Bd3 Bd6 12. Bg5 Be7 13. O-O Nd7 14. Bf4 Bg5 15. Rae1 Bxf4 16. Qxf4 O-O 17. Re3 Qf6 18. Qg4 g6 19. h4 h5 20. Qh3 b5 21. a3 Qg7 22. Rfe1 Nf6 23. Rg3 Ng4 24. f3 Nh6 25. Nb3 Rb8 26. Nc5 Nxd4 27. Nd7 Ndf5 28. Rg5 f6 29. Rxf5 exf5 30. Nxb8 Rxb8 31. Qg3 Qa7+ 32. Kh1 Kg7 33. Qd6 Nf7 34. Qc6 Ne5 35. Bc2 Nxc6 0-1


[Site "https://www.chess.com"]

[Event "Titled Tuesday Blitz June 20 Late 2023"]
[White "Lopez Mulet, Inigo"]
[Black "Ai, Evan"]
[WhiteFideId "22235620"]
[BlackFideId "2094770"]
[WhiteElo "2302"]
[BlackElo "1963"]
[Result "0-1"]
[Round "3"]
[TimeControl "180+2"]
[Date "2023.06.20"]
[WhiteClock "0:00:27"]
[BlackClock "0:00:05"]
[Board "90"]

1. Nf3 Nf6 2. e4 Nxe4 3. d4 d5 4. Bd3 Bf5 5. O-O e6 6. Re1 Nd7 7. Nbd2 Nxd2 8. Bxf5 Nxf3+ 9. Qxf3 Be7 10. Bd3 Nf6 11. c3 h6 12. Bf4 Bd6 13. Be5 Bxe5 14. dxe5 Nd7 15. Qg4 Qg5 16. Qb4 b6 17. f4 Qe7 18. Qa4 O-O 19. Qd1 Nc5 20. Bc2 Rad8 21. b4 Nd7 22. Qd3 g6 23. Re3 Kh7 24. Rae1 c5 25. a3 a5 26. Rh3 axb4 27. axb4 cxb4 28. f5 exf5 29. Qd2 h5 30. Bxf5 Kg7 31. e6 Nf6 32. Qg5 bxc3 33. Rg3 Ng8 34. Qxh5 Qf6 35. e7 Nxe7 36. Rxe7 Qxe7 37. Rxg6+ fxg6 38. Qxg6+ Kh8 39. Qh6+ Kg8 40. Qg6+ Qg7 41. Be6+ Rf7 42. Bxf7+ Kf8 43. Qxb6 Qg5 44. Bh5 Qc1+ 45. Kf2 Qf4+ 46. Ke2 Qe5+ 47. Kf2 Rd6 48. Qb8+ Kg7 49. Qc7+ Kh6 50. Bf3 d4 51. g4 Qxh2+ 52. Kf1 Qh3+ 53. Bg2 Qd3+ 54. Kg1 Qe3+ 55. Kh2 Qf4+ 56. Kh1 Rf6 57. g5+ Kxg5 58. Qg7+ Rg6 59. Qe7+ Kg4 60. Qd7+ Kh4 61. Qe7+ Rg5 62. Qe1+ Rg3 63. Qe7+ Qg5 64. Qe4+ Rg4 65. Qe1+ Kh5 66. Qe8+ Qg6 67. Qe5+ Kh6 68. Qh8+ Qh7 69. Qf6+ Rg6 70. Qf8+ Kg5+ 71. Kg1 Qg7 72. Qc5+ Kh6 73. Kf1 Rxg2 74. Qd6+ Qg6 75. Qf4+ Rg5 76. Qf8+ Kh5 77. Qf3+ Rg4 78. Qh3+ Kg5 79. Ke2 Qe4+ 80. Kf1 Rf4+ 81. Kg1 Qe1+ 82. Kh2 Rf2+ 83. Kg3 Qe3# 0-1


[Site "https://www.chess.com"]

[Event "Titled Tuesday Blitz June 20 Late 2023"]
[White "Rangel, Daniel"]
[Black "Domingo Nunez, Alejandro"]
[WhiteFideId "2124475"]
[BlackFideId "22245561"]
[WhiteElo "2231"]
[BlackElo "2291"]
[Result "1-0"]
[Round "3"]
[TimeControl "180+2"]
[Date "2023.06.20"]
[WhiteClock "0:01:25"]
[BlackClock "0:00:42"]
[Board "91"]

1. c4 g6 2. g3 Bg7 3. Bg2 d6 4. Nc3 c5 5. e3 Nd7 6. Nge2 Ngf6 7. O-O O-O 8. b3 Rb8 9. Bb2 a6 10. d3 b5 11. Qd2 Bb7 12. Nd5 Bxd5 13. cxd5 e6 14. dxe6 fxe6 15. Rac1 d5 16. Bh3 Qe7 17. Ba3 b4 18. Bb2 Rbc8 19. Nf4 Rc6 20. d4 c4 21. bxc4 dxc4 22. Rxc4 Rxc4 23. Bxe6+ Kh8 24. Bxc4 g5 25. Nd5 Nxd5 26. Bxd5 Qd6 27. Bg2 Ne5 28. h3 g4 29. h4 Nf3+ 30. Bxf3 gxf3 31. d5 Rf5 32. Bxg7+ Kxg7 33. Qd4+ Kh6 34. e4 Rf4 35. Qe3 1-0


[Site "https://www.chess.com"]

[Event "Titled Tuesday Blitz June 20 Late 2023"]
[White "Fiedorek, Michal"]
[Black "Garcia Ramos, Daniel"]
[WhiteFideId "1199528"]
[BlackFideId "32010311"]
[WhiteElo "2135"]
[BlackElo "2341"]
[Result "1-0"]
[Round "3"]
[TimeControl "180+2"]
[Date "2023.06.20"]
[WhiteClock "0:00:03"]
[BlackClock "0:00:03"]
[Board "92"]

1. e4 c6 2. d4 d5 3. exd5 cxd5 4. Nf3 Nf6 5. Ne5 a6 6. Bd3 Nc6 7. c3 e6 8. O-O Nxe5 9. dxe5 Nd7 10. Re1 Qc7 11. Bf4 Be7 12. Nd2 Nc5 13. Bc2 b5 14. Qg4 g6 15. h4 Bb7 16. h5 a5 17. Rac1 Na4 18. Rb1 Nb6 19. Nf3 b4 20. Nd4 gxh5 21. Qxh5 Qd7 22. cxb4 axb4 23. Bd3 Ba6 24. Bc2 Bc5 25. Nxe6 Qxe6 26. Bf5 Qc6 27. e6 O-O-O 28. e7+ Kb7 29. exd8=Q Rxd8 30. Qxf7+ Ka8 31. Rbc1 Bb7 32. Re6 Qb5 33. Bc7 Rf8 34. Qxh7 Nc4 35. b3 Bxf2+ 36. Kxf2 Qc5+ 37. Kg3 d4 38. Rxc4 Qd5 39. Be4 Qg5+ 40. Kh2 Rg8 41. Ra6# 1-0


[Site "https://www.chess.com"]

[Event "Titled Tuesday Blitz June 20 Late 2023"]
[White "Seemann, Jakub"]
[Black "Paulsen, Dirk"]
[WhiteFideId "21874697"]
[BlackFideId "4601343"]
[WhiteElo "2364"]
[BlackElo "2339"]
[Result "1-0"]
[Round "3"]
[TimeControl "180+2"]
[Date "2023.06.20"]
[WhiteClock "0:01:32"]
[BlackClock "0:00:11"]
[Board "93"]

1. d4 Nf6 2. c4 e6 3. Nc3 Bb4 4. e3 Bxc3+ 5. bxc3 d6 6. Bd3 e5 7. Ne2 c5 8. O-O Nc6 9. d5 Ne7 10. e4 Ng6 11. g3 Bh3 12. Re1 h5 13. Bg5 Qd7 14. f4 Nh7 15. Rf1 f6 16. f5 Nxg5 17. fxg6 Bxf1 18. Qxf1 h4 19. Qf5 b6 20. Kg2 Qxf5 21. exf5 Kd7 22. g4 Rae8 23. h3 e4 24. Bc2 Kc7 25. Nf4 Re7 26. Ne6+ Nxe6 27. dxe6 d5 28. cxd5 Kd6 29. c4 Ke5 30. Rd1 Rd8 31. Kf2 Kf4 32. d6 Ree8 33. Ba4 1-0


[Site "https://www.chess.com"]